 Dungeon Crawl Stone Soup version 0.21.1-1-g345015f (webtiles) character file.

46 tidbits the Sneak (level 3, -6/25 HPs)
             Began as a Gnoll Enchanter on June 9, 2018.
             Mangled by a centaur (8 damage)
             ... on level 2 of the Dungeon.
             The game lasted 00:04:13 (491 turns).

tidbits the Sneak (Gnoll Enchanter)                  Turns: 491, Time: 00:04:13

Health: -6/25      AC:  3    Str:  7 (10) XL:     3   Next: 68%
Magic:  1/9        EV: 14    Int: 17 (18) God:
Gold:   26         SH:  0    Dex: 12 (15) Spells: 3/12 levels left

rFire    . . .     SeeInvis .   a - +1 dagger
rCold    . . .     Gourm    .   (no shield)
rNeg     . . .     Faith    .   b - +0 robe
rPois    .         Spirit   .   (no helmet)
rElec    .         Reflect  .   (no cloak)
rCorr    .         Harm     .   (no gloves)
MR       .....                  F - +0 pair of boots
Stlth    +++.......             (no amulet)
HPRegen  0.08/turn              (no ring)
MPRegen  0.11/turn              (no ring)

@: very slightly contaminated
A: distributed training, fangs 1, strong nose
a: no special abilities


You were on level 2 of the Dungeon.
You were not hungry.

You visited 1 branch of the dungeon, and saw 2 of its levels.

You collected 26 gold pieces.

Inventory:

Hand Weapons
 a - a +1 dagger (weapon)
Missiles
 h - 8 javelins (quivered)
 m - 23 bolts
Armour
 b - a +0 robe (worn)
 f - a +0 ring mail
 F - a +0 pair of boots (worn)
Scrolls
 e - a scroll of teleportation {unknown}
 g - 3 scrolls of remove curse {unknown}
 i - 7 scrolls of identify {unknown}
 o - a scroll of fear {unknown}
Potions
 j - 2 potions of degeneration
 k - 2 potions of might {unknown}
 l - a potion of magic {unknown}
 n - a potion of ambrosia {unknown}
 p - a potion of cancellation {unknown}
Books
 c - a book of Maledictions

   Spells                             Type                      Level
   a - Corona                         Hexes                        1
   b - Ensorcelled Hibernation        Hexes/Ice                    2
   c - Confuse                        Hexes                        3
   d - Tukima's Dance                 Hexes                        3
   e - Dazzling Spray                 Conjuration/Hexes            3
Comestibles
 d - 2 rations


   Skills:
 + Level 0.9 Fighting
 + Level 2.6 Short Blades
 + Level 0.9 Long Blades
 + Level 0.9 Axes
 + Level 0.9 Maces & Flails
 + Level 0.9 Polearms
 + Level 0.9 Staves
 + Level 0.9 Slings
 + Level 0.9 Bows
 + Level 0.9 Crossbows
 + Level 0.9 Throwing
 + Level 0.9 Armour
 + Level 4.5 Dodging
 + Level 6.0 Stealth
 + Level 0.9 Shields
 + Level 0.9 Unarmed Combat
 + Level 5.0 Spellcasting
 + Level 0.6 Conjurations
 + Level 5.4 Hexes
 + Level 0.6 Charms
 + Level 0.6 Summonings
 + Level 0.6 Necromancy
 + Level 0.6 Translocations
 + Level 0.6 Transmutations
 + Level 0.6 Fire Magic
 + Level 0.6 Ice Magic
 + Level 0.6 Air Magic
 + Level 0.6 Earth Magic
 + Level 0.6 Poison Magic
 + Level 1.0 Invocations
 + Level 0.9 Evocations


You had 3 spell levels left.
You knew the following spells:

 Your Spells              Type           Power        Failure   Level  Hunger
a - Corona                Hex            ###....      1%          1    None
c - Confuse               Hex            ###.....     4%          3    ###....
d - Dazzling Spray        Conj/Hex       ##....       12%         3    ###....
e - Ensorcelled Hibernat  Hex/Ice        ##....       6%          2    #......


Dungeon Overview and Level Annotations

Branches:
Dungeon (2/15)

Altars:


Innate Abilities, Weirdness & Mutations

Your experience applies equally to all skills.
You have very sharp teeth.
Your uncanny sense of smell can sniff out nearby items.


Message History

You see here a pink potion.
l - a pink potion You see here 23 bolts.
m - 23 bolts You see here a smoky black potion.
n - a smoky black potion
Things that are here:
a short sword; a stone; a kobold corpse
Casting: Corona
Confirm with . or Enter, or press ? or * to list all spells.
Aiming: Ensorcelled Hibernation
Press: ? - help, Shift-Dir - straight line, f - bat
Aim: a bat (chance to defeat MR: 63%)
The bat looks drowsy...
The helpless bat fails to defend itself.
You impale the bat!!
You kill the bat!
Your magical contamination has completely faded away.
You see here 12 gold pieces.
You now have 26 gold pieces (gained 12).
Found a scroll labeled EHICLO QID.
You see here a scroll labeled KUET IKHLUIC.
o - a scroll labeled KUET IKHLUIC You see here a scroll labeled EHICLO QID.
i - 6 scrolls labeled EHICLO QID (gained 1)
There is an escape hatch in the floor here.
You slide downwards.
The hatch slams shut behind you.
Unknown command.
Unknown command.
You see here a brown potion.
p - a brown potion A rat comes into view.
You barely miss the rat. The rat misses you.
You closely miss the rat. The rat barely misses you.
You hit the rat.
The rat is moderately wounded.
The rat barely misses you.
You hit the rat.
The rat is severely wounded.
The rat closely misses you.
You hit the rat.
You kill the rat!
You see here a rat corpse.
You see here a rat corpse.
Magic restored.
Found 18 stones.
A dart slug comes into view.
Found a grey potion.
Found a scroll labeled EHICLO QID.
The helpless dart slug fails to defend itself.
You impale the dart slug!!
You kill the dart slug!
Unknown command.
You see here a grey potion.
j - 3 grey potions (gained 1)
A centaur comes into view.
You see here a scroll labeled EHICLO QID.
i - 7 scrolls labeled EHICLO QID (gained 1)
Found 8 gold pieces.
The centaur shouts!
The centaur wields a shortbow.
The centaur shoots an arrow.
The arrow misses you.
The centaur unwields an uncursed shortbow.
The centaur hits you! The centaur closely misses you.
Casting: Ensorcelled Hibernation
Confirm with . or Enter, or press ? or * to list all spells.
Aiming: Ensorcelled Hibernation
Press: ? - help, Shift-Dir - straight line, f - centaur
Aim: a centaur (chance to defeat MR: 46%)
You miscast Ensorcelled Hibernation.
You are very lightly contaminated with residual magic.
A chill runs through your body.
The centaur hits you but does no damage.
Casting: Ensorcelled Hibernation
Confirm with . or Enter, or press ? or * to list all spells.
Aiming: Ensorcelled Hibernation
Press: ? - help, Shift-Dir - straight line, f/p - centaur
Aim: a centaur (chance to defeat MR: 46%)
The centaur resists with some effort.
The centaur hits you. The centaur barely misses you.
Casting: Ensorcelled Hibernation
Confirm with . or Enter, or press ? or * to list all spells.
Aiming: Ensorcelled Hibernation
Press: ? - help, Shift-Dir - straight line, f/p - centaur
Aim: a centaur (chance to defeat MR: 46%)
The centaur resists with some effort.
The centaur closely misses you.
Casting: Ensorcelled Hibernation
Confirm with . or Enter, or press ? or * to list all spells.
Aiming: Ensorcelled Hibernation
Press: ? - help, Shift-Dir - straight line, f/p - centaur
Aim: a centaur (chance to defeat MR: 46%)
The centaur resists with some effort.
The centaur hits you.
* * * LOW HITPOINT WARNING * * *
The centaur hits you.
* * * LOW HITPOINT WARNING * * *
It was a potion of degeneration.
There was something very wrong with that liquid.
You feel weakened.
You feel dopey.
You feel clumsy. The centaur hits you!
You die...

.# #......#
..#.####......#
.#...........#
######......#
#.........#
.....###(.#####
.... #......#
.^# ##.....# .
#...@c# #.....#
#.....#
.......#
#.#.#...# ∆
###$#...#
#.#...# #...#


You could see a centaur.

Vanquished Creatures
  An adder (D:2)
  An ooze (D:1)
  3 dart slugs (D:2)
  A hobgoblin (D:2)
  2 jackals (D:1)
  3 kobolds
  2 bats (D:1)
  A frilled lizard (D:1)
  9 goblins
  4 rats
27 creatures vanquished.

Notes
Turn   | Place    | Note
-------+----------+-------------------------------------------
     0 | D:1      | tidbits the Gnoll Enchanter began the quest for the Orb.
     0 | D:1      | Reached XP level 1. HP: 13/13 MP: 6/6
   137 | D:1      | Reached XP level 2. HP: 18/19 MP: 5/7
   147 | D:1      | Learned a level 2 spell: Ensorcelled Hibernation
   316 | D:2      | Reached XP level 3. HP: 25/25 MP: 6/9
   321 | D:2      | Learned a level 3 spell: Confuse
   325 | D:2      | Learned a level 3 spell: Dazzling Spray
   333 | D:2      | Reached skill level 5 in Spellcasting
   340 | D:2      | Reached skill level 6 in Stealth
   358 | D:1      | Reached skill level 1 in Invocations
   479 | D:2      | Noticed a centaur
   490 | D:2      | HP: 2/25 [centaur (6)]
   491 | D:2      | Mangled by a centaur

Skill      XL: |  1  2  3 |
---------------+----------+-----
Spellcasting   | 5 |  5.0
Stealth        | 6 |  6.0
Invocations    | 1 |  1.0
Fighting       | |  0.9
Short Blades   | |  2.6
Long Blades    | |  0.9
Axes           | |  0.9
Maces & Flails | |  0.9
Polearms       | |  0.9
Staves         | |  0.9
Slings         | |  0.9
Bows           | |  0.9
Crossbows      | |  0.9
Throwing       | |  0.9
Armour         | |  0.9
Dodging        | |  4.5
Shields        | |  0.9
Unarmed Combat | |  0.9
Conjurations   | |  0.6
Hexes          | |  5.4
Charms         | |  0.6
Summonings     | |  0.6
Necromancy     | |  0.6
Translocations | |  0.6
Transmutations | |  0.6
Fire Magic     | |  0.6
Ice Magic      | |  0.6
Air Magic      | |  0.6
Earth Magic    | |  0.6
Poison Magic   | |  0.6
Evocations     | |  0.9

Action                   || total
-------------------------++-------
Melee: Dagger            ||    54
       Bite              ||     2
Throw: Javelin           ||     3
 Cast: Corona            ||    17
       Ensorcelled Hiber ||     8
  Use: Potion            ||     1
 Stab: Sleeping          ||    12
Armor: Robe              ||     9
Dodge: Dodged            ||    45

Table legend:
 A = Turns spent in this place as a percentage of turns spent in the entire game.
 B = Non-inter-level travel turns spent in this place as a percentage of non-inter-level travel turns spent in the entire game.
 C = Inter-level travel turns spent in this place as a percentage of turns spent in this place.
 D = Turns resting spent in this place as a percentage of non-inter-level travel turns spent in this place.
 E = Turns spent auto-exploring this place as a percentage of non-inter-level travel turns spent in this place.
 F = Non-inter-level travel turns spent in this place divided by the number of levels of this place that you've seen.
                   A       B       C       D       E      F
               +-------+-------+-------+-------+-------+----------------------
         Total | 100.0 | 100.0 |   0.0 |   0.0 |   0.0 | 245.5
       Dungeon | 100.0 | 100.0 |   0.0 |   0.0 |   0.0 | 245.5
               +-------+-------+-------+-------+-------+----------------------

Table legend:
 A = Kills in this place as a percentage of kills in entire the game.
 B = Kills by you in this place as a percentage of kills by you in the entire game.
 C = Kills by friends in this place as a percentage of kills by friends in the entire game.
 D = Other kills in this place as a percentage of other kills in the entire game.
 E = Experience gained in this place as a percentage of experience gained in the entire game.
 F = Experience gained in this place divided by the number of levels of this place that you have seen.
                   A       B       C       D       E      F
               +-------+-------+-------+-------+-------+----------------------
         Total | 100.0 | 100.0 |   N/A |   N/A | 100.0 |  33.5
       Dungeon | 100.0 | 100.0 |   N/A |   N/A | 100.0 |  33.5
               +-------+-------+-------+-------+-------+----------------------

Vault maps used:
D:1:      dpeg_arrival_orchard, minmay_small_reverse_x
D:2:      tso_altar
